 Dungeon Crawl Stone Soup version 0.20.0-8-g6b59dc7 (webtiles) character file.

112 maniacrov the Poker (level 4, -3/34 HPs)
             Began as a Demonspawn Gladiator on June 1, 2017.
             Slain by a hobgoblin (5 damage)
             ... led by Robin
             ... on level 3 of the Dungeon.
             The game lasted 00:08:54 (1384 turns).

maniacrov the Poker (Demonspawn Gladiator)          Turns: 1384, Time: 00:08:55

Health: -3/34      AC:  6    Str: 15    XL:     4   Next: 64%
Magic:  4/4        EV: 13    Int:  9    God:
Gold:   65         SH:  0    Dex: 15    Spells: 3/3 levels left

rFire    . . .     SeeInvis .   a - +0 trident
rCold    . . .     Gourm    .   (no shield)
rNeg     . . .     Faith    .   b - +0 leather armour
rPois    .         Spirit   .   c - +2 helmet
rElec    .         Reflect  .   (no cloak)
rCorr    .         Harm     .   (no gloves)
MR       .....                  (no boots)
Stlth    +++.......             (no amulet)
Regen    0.2/turn               (no ring)
MPRegen  0.1/turn               (no ring)

@: no status effects
A: claws 1, nightstalker 1
a: no special abilities


You were on level 3 of the Dungeon.
You were not hungry.

You visited 1 branch of the dungeon, and saw 3 of its levels.

You collected 65 gold pieces.

Inventory:

Hand Weapons
 a - a +0 trident (weapon)
Missiles
 d - 3 throwing nets (quivered)
Armour
 b - a +0 leather armour (worn)
 c - a +2 helmet (worn)
Potions
 e - a potion of agility {unknown}
 g - a potion of heal wounds {unknown}
 h - a potion of berserk rage
 k - a potion of curing {unknown}
Comestibles
 f - a bread ration


   Skills:
 + Level 2.6 Fighting
 + Level 3.6 Polearms
 + Level 2.1 Throwing
 + Level 1.3 Armour
 + Level 3.1 Dodging
 + Level 1.0 Stealth


You had 3 spell levels left.
You didn't know any spells.

Dungeon Overview and Level Annotations

Branches:
Dungeon (3/15)

Altars:
Cheibriados
Hepliaklqana
Okawaru

Annotations:
D:3 Robin


Innate Abilities, Weirdness & Mutations

You have sharp fingernails.
You are slightly more attuned to the shadows.


Message History

The goblin misses you. The goblin barely misses you. The hobgoblin misses you.
The goblin hits you.
* * * LOW HITPOINT WARNING * * *
You closely miss the hobgoblin.
The hobgoblin no longer looks unusually strong. x2
The goblin hits you but does no damage. The hobgoblin hits you.
* * * LOW HITPOINT WARNING * * *
The hobgoblin misses you. The goblin misses you.
The goblin completely misses you.
You hit the goblin.
The goblin is severely wounded.
The hobgoblin hits you.
* * * LOW HITPOINT WARNING * * *
The hobgoblin closely misses you. The goblin hits you.
* * * LOW HITPOINT WARNING * * *
The goblin hits you but does no damage.
You closely miss the goblin.
The goblin is severely wounded.
The hobgoblin barely misses you. The hobgoblin hits you.
You die...

.)(...####.#
......#....#
!.......#..#
.....#....###
...#......
#########+#g#.?.####
..........g@gg....>g
######.####g#g.....g
#..........#.######
###.###'######..
............#####
####........#
#........#
#........#
####.#####


You could see Robin, 3 hobgoblins and 2 goblins.

Vanquished Creatures
  Jessica (D:2)
  Natasha (D:2)
  2 adders (D:2)
  A dart slug (D:1)
  A leopard gecko (D:3)
  3 bats
  2 giant cockroaches (D:1)
  8 goblins
  5 hobgoblins
  4 jackals (D:2)
  A quokka (D:2)
  A frilled lizard (D:2)
  A kobold (D:1)
  8 rats
39 creatures vanquished.

Notes
Turn   | Place    | Note
-------+----------+-------------------------------------------
     0 | D:1      | maniacrov the Demonspawn Gladiator began the quest for the Orb.
     0 | D:1      | Reached XP level 1. HP: 16/16 MP: 1/1
   286 | D:1      | Gained mutation: You are slightly more attuned to the shadows. [demonic ancestry]
   286 | D:1      | Reached XP level 2. HP: 22/22 MP: 2/2
   578 | D:2      | Noticed Jessica
   584 | D:2      | Killed Jessica
   584 | D:2      | Reached XP level 3. HP: 10/28 MP: 3/3
   645 | D:2      | Found a snail-covered altar of Cheibriados.
   837 | D:2      | Noticed Natasha
   839 | D:2      | Found an iron altar of Okawaru.
   847 | D:2      | Killed Natasha
   847 | D:2      | Reached skill level 1 in Armour
   847 | D:2      | Gained mutation: You have sharp fingernails. [demonic ancestry]
   847 | D:2      | Reached XP level 4. HP: 17/34 MP: 4/4
  1056 | D:2      | Found a hazy altar of Hepliaklqana.
  1365 | D:3      | Noticed Robin
  1373 | D:3      | Reached skill level 1 in Stealth
  1384 | D:3      | Slain by a hobgoblin

Skill      XL: |  1  2  3  4 |
---------------+-------------+-----
Polearms       | 3 |  3.6
Throwing       | 2 |  2.1
Armour         | 1 |  1.3
Dodging        | 3 |  3.1
Stealth        | 1 |  1.0
Fighting       | |  2.6

Action                   |  1- 3 |  4- 6 || total
-------------------------+-------+-------++-------
Melee: Trident           |    80 |    74 ||   154
Throw: Throwing net      |     3 |       ||     3
  Use: Scroll            |     6 |     1 ||     7
 Stab: Sleeping          |     2 |       ||     2
  Eat: Bread ration      |       |     1 ||     1
Armor: Leather armour    |    29 |    31 ||    60
Dodge: Dodged            |    62 |    84 ||   146
